 Dungeon Crawl Stone Soup version 0.29.1-13-g9f3cf754e1 (webtiles) character file.

Game seed: 4999528564993897213

2815 ChrisAssaf the Caller (level 9, -3/115 HPs)
             Began as a Black Draconian Summoner on Jan 20, 2023.
             Was an Initiate of Ru.
             Slain by a killer bee (7 damage)
             ... on level 8 of the Dungeon.
             The game lasted 00:37:30 (7786 turns).

ChrisAssaf the Caller (Black Draconian Summoner)    Turns: 7786, Time: 00:37:31

Health: -3/115     AC:  7    Str: 13    XL:     9   Next: 44%
Magic:  0/16       EV: 13    Int: 25    God:    Ru [......]
Gold:   272        SH:  0    Dex: 13    Spells: 1/17 levels left

rFire   + . .      SeeInvis .   j - +2 quarterstaff (spect)
rCold   x . .      Faith    .   (shield currently unavailable)
rNeg    . . .      Spirit   +   (body armour unavailable)
rPois   +          Reflect  .   (helmet restricted)
rElec   +          Harm     .   (no cloak)
rCorr   .          Rampage  .   (no gloves)
Will    .....      NoTele   +   (no boots)
Stlth   ..........              b - amulet "Wuotam" {Spirit -Tele rPois Int+7 Dex+2}
HPRegen 0.29/turn               d - ring of fire
MPRegen 0.15/turn               (no ring)

@: berserking, lethally poisoned (-3 -> -5), short of breath, studying Shields,
very quick
A: breathe lightning, AC +7, unfitting armour, electricity resistance,
cold-blooded, robust 1, screaming 1, MP-powered wands
a: Breathe Lightning, Renounce Religion


You were on level 8 of the Dungeon.
You worshipped Ru.
Ru was noncommittal.
You visited 2 branches of the dungeon, and saw 9 of its levels.

You collected 433 gold pieces.
You spent 161 gold pieces at shops.

Inventory:

Hand Weapons
 a - a +2 hand axe
 j - a +2 spectral quarterstaff (weapon)
Jewellery
 b - the amulet "Wuotam" (around neck) {Spirit -Tele rPois Int+7 Dex+2}
   (You acquired it on level 3 of the Dungeon)

   [amulet of guardian spirit]

   It causes incoming damage to be divided between your reserves of health and
   magic.
   Int:       It affects your intelligence (+7).
   Dex:       It affects your dexterity (+2).
   rPois:     It protects you from poison.
   -Tele:     It prevents most forms of teleportation.
 d - a ring of fire (left hand)
 e - an amulet of the acrobat
 h - a ring of fire
 k - a ring of flight
 q - an amulet of magic regeneration
Scrolls
 c - a scroll of amnesia {unknown}
 i - 2 scrolls of magic mapping
 l - a scroll of noise
 m - a scroll of teleportation
 n - 3 scrolls of vulnerability
 o - a scroll of butterflies
 p - a scroll of fear {unknown}
 r - a scroll of immolation
 t - a scroll of poison
 u - 2 scrolls of enchant armour
Potions
 f - a potion of brilliance
 g - 4 potions of flight


   Skills:
 * Level 3.5 Fighting
 * Level 4.0(4.3) Axes
 * Level 2.1(4.0) Polearms
 * Level 3.1(3.5) Staves
 * Level 2.6 Throwing
 * Level 3.5 Dodging
 * Level 4.1 Stealth
 * Level 4.7 Spellcasting
 * Level 2.5 Hexes
 * Level 6.4 Summonings
 + Level 1.0 Fire Magic
 * Level 4.1 Air Magic
 * Level 3.3 Invocations


You had one spell level left.
You knew the following spells:

 Your Spells              Type           Power      Damage    Failure   Level
a - Summon Small Mammal   Summ           100%       N/A       1%          1
b - Call Imp              Summ           37%        N/A       1%          2
c - Call Canine Familiar  Summ           37%        N/A       1%          3
d - Summon Lightning Spi  Summ/Air       32%        N/A       10%         4
e - Summon Guardian Gole  Hex/Summ       28%        N/A       4%          3
f - Ignite Poison         Fire/Tmut/Pois 11%        N/A       22%         3

Your spell library contained the following spells:

 Spells                   Type           Power      Damage    Failure   Level
 Conjure Flame            Conj/Fire      12%        6-21      21%         3
 Summon Forest            Summ/Tloc      10%        N/A       54%         5
 Sticky Flame             Conj/Fire      12%        2d4       56%         4
 Iskenderun's Mystic Bla  Conj/Tloc      5%         2d3       63%         4
 Passage of Golubria      Tloc           5%         N/A       63%         4


Dungeon Overview and Level Annotations

Branches:
Dungeon (8/15)             Temple (1/1) D:7
   Lair: D:8-11

Altars:
Ashenzari
Cheibriados
Dithmenos
Elyvilon
Fedhas
Kikubaaqudgha
Makhleb
Okawaru
Ru
Sif Muna
Trog
Uskayaw
Vehumet
Wu Jian
Xom
Zin
The Shining One

Shops:
D:2 :   D:4 =(?


Innate Abilities, Weirdness & Mutations

You can breathe wild blasts of lightning.
Your glossy black scales are hard. (AC +7)
You cannot fit into any form of body armour.
You are resistant to electric shocks. (rElec)
You are cold-blooded and may be slowed by cold attacks.
You are robust. (+10% HP)
You occasionally shout uncontrollably at your foes.
You expend magic power (3 MP) to strengthen your wands.


Message History

The killer bee poisons you!
Your hound misses the killer bee. The centaur completely misses you.
The centaur kicks you but does no damage.
The killer bee barely misses your hound.
The killer bee closely misses you. The killer bee barely misses you.
It was a potion of berserk rage.
A red film seems to cover your vision as you go berserk!
You feel yourself moving faster!
You feel mighty!
You feel sick.
Your hound bites the killer bee.
The killer bee stings your hound but does no damage.
The killer bee stings you but does no damage. x2
The centaur hits you.
* * * LOW HITPOINT WARNING * * *
The centaur kicks you but does no damage.
Your hound barely misses the killer bee.
The killer bee stings you!
* * * LOW HITPOINT WARNING * * *
The killer bee stings your hound. The killer bee barely misses you.
You hit the killer bee.
Your tail-slap misses the killer bee.
The killer bee is severely wounded.
You feel sick. The centaur hits you.
* * * LOW HITPOINT WARNING * * *
The centaur kicks you but does no damage.
The killer bee completely misses you. The killer bee barely misses you.
The killer bee stings your hound.
Your hound misses the killer bee. You sock the killer bee!
You kill the killer bee!
You feel sick. The killer bee misses your hound. The killer bee stings you.
* * * LOW HITPOINT WARNING * * *
The centaur hits you.
* * * LOW HITPOINT WARNING * * *
The centaur closely misses you.
Your hound bites the killer bee.
The killer bee barely misses you. The killer bee completely misses you.
The centaur hits you.
* * * LOW HITPOINT WARNING * * *
The centaur barely misses you.
Your Stealth skill increases to level 4!
You miss the killer bee.
Your tail-slap misses the killer bee.
You feel sick. The killer bee barely misses you. The killer bee stings you!
You die...

# ..# . ##
#.## #. #.
...
.##.##.###.##
............
........y#.#
.?.....#c#y#
#..yy@.#
###h####
#.._)<####.#
#.#.#.8....#
#...########
c.c....
..#.......
#...##..?
..#.. ...#


You could see a centaur, 4 killer bees and a friendly hound (summoned).

Vanquished Creatures
  A steam dragon (D:6)
  Menkaure (D:7)
  A water moccasin (D:6)
  An ice beast (D:7)
  A sky beast (D:7)
  An ogre (D:6)
  2 phantoms
  A gnoll sergeant (D:6)
  A scorpion (D:6)
  3 wights (D:8)
  5 killer bees
  3 electric eels (D:7)
  An orc priest (D:6)
  2 jellies
  2 hounds (D:5)
  5 iguanas
  2 orc wizards
  10 gnolls
  3 adders
  A shadow imp (D:5)
  17 orcs
  2 endoplasms
  4 goblins
  2 hobgoblins (D:1)
  2 jackals
  A bat (D:1)
  A frilled lizard (D:1)
  4 kobolds
  2 rats (D:1)
82 creatures vanquished.

Vanquished Creatures (collateral kills)
  A hornet (D:7)
  A nameless horror (D:3)
  An ice beast (D:4)
  A centaur (D:7)
  A black bear (D:4)
  A bullfrog (D:8)
  A scorpion (D:6)
  A wight (D:8)
  A hound (D:6)
  A gnoll bouda (D:5)
  An orc wizard (D:5)
  16 gnolls
  2 adders
  A shadow imp (D:7)
  A white imp (D:7)
  A worm (D:3)
  A dart slug (D:1)
  10 orcs
  2 ball pythons
  2 bats (D:1)
  4 endoplasms
  2 giant cockroaches
  2 hobgoblins (D:1)
  A jackal (D:1)
  A kobold (D:4)
  3 quokkas
  A frilled lizard (D:2)
  5 goblins
  4 rats
  A spectral hobgoblin (D:3)
71 creatures vanquished.

Vanquished Creatures (others)
  6 plants (D:7)
6 creatures vanquished.

Grand Total: 159 creatures vanquished

Notes
Turn   | Place    | Note
-------+----------+-------------------------------------------
     0 | D:1      | ChrisAssaf the Draconian Summoner began the quest for the
                  | Orb.
     0 | D:1      | Reached XP level 1. HP: 14/14 MP: 3/3
   257 | D:1      | Reached XP level 2. HP: 13/20 MP: 1/5
   260 | D:1      | Learned a level 2 spell: Call Imp
   728 | D:2      | Reached XP level 3. HP: 26/26 MP: 1/6
   846 | D:3      | Reached XP level 4. HP: 28/33 MP: 4/8
   892 | D:3      | Identified a scroll of acquirement
   892 | D:3      | Acquired the amulet "Wuotam" {Spirit -Tele rPois Int+7
                  | Dex+2}
   949 | D:4      | Learned a level 3 spell: Call Canine Familiar
  1040 | D:4      | Found Xekke's Magic Scroll Boutique.
  1043 | D:4      | Bought a scroll of magic mapping for 105 gold pieces
  1151 | D:4      | Found a glowing golden altar of the Shining One.
  1161 | D:4      | Became a worshipper of the Shining One
  1381 | D:4      | Reached skill level 5 in Summonings
  1461 | D:4      | Found Aroashru's Weapon Boutique.
  1505 | D:4      | Noticed a phantom
  1526 | D:4      | Killed a phantom
  1527 | D:4      | Reached XP level 5. HP: 31/39 MP: 4/9
  1563 | D:4      | Reached skill level 1 in Fighting
  1563 | D:4      | Reached skill level 1 in Axes
  1569 | D:4      | Learned a level 4 spell: Summon Lightning Spire
  1756 | D:4      | Found Kanoukh's Jewellery Emporium.
  2179 | D:3      | Found a snail-covered altar of Cheibriados.
  2224 | D:3      | Reached XP level 6. HP: 19/47 MP: 3/11
  2328 | D:3      | Found a faded altar of an unknown god.
  2373 | D:3      | Noticed a nameless horror
  2425 | D:3      | Killed a nameless horror
  2893 | D:2      | Found Agraemot's Book Shop.
  2897 | D:2      | Identified the +7 ring mail of Burning Surprise {SInv}
  3562 | D:5      | Entered Level 5 of the Dungeon
  3574 | D:5      | Reached skill level 1 in Throwing
  3758 | D:5      | Found a hide-covered altar of Uskayaw.
  3817 | D:5      | Reached * piety under the Shining One
  3817 | D:5      | Noticed an ice beast
  3912 | D:4      | Bought a scroll of immolation for 56 gold pieces
  3959 | D:5      | Reached skill level 1 in Invocations
  3959 | D:5      | Your scales start taking on a glossy black colour.
  3959 | D:5      | Reached skill level 1 in Air Magic
  3959 | D:5      | Reached XP level 7. HP: 51/52 MP: 8/12
  3959 | D:5      | Gained mutation: You are resistant to electric shocks.
                  | (rElec) [Black Draconian growth]
  3984 | D:5      | Gained mutation: You occasionally shout uncontrollably at
                  | your foes. [potion of mutation]
  3984 | D:5      | Gained mutation: You expend magic power (3 MP) to
                  | strengthen your wands. [potion of mutation]
  3984 | D:5      | Gained mutation: You are robust. (+10% HP) [potion of
                  | mutation]
  3987 | D:5      | HP: 2/57 [gnoll/+0 club[a gnoll bouda] (5)]
  4631 | D:5      | Was placed under penance by the Shining One
  4785 | D:5      | Found a shadowy altar of Dithmenos.
  4871 | D:5      | Acquired the Papyrus of Direction
  4877 | D:5      | Learned a level 3 spell: Summon Guardian Golem
  5480 | D:6      | Reached XP level 8. HP: 19/68 MP: 6/14
  5795 | D:6      | Reached skill level 1 in Polearms
  5946 | D:6      | Reached skill level 1 in Staves
  5946 | D:6      | Reached skill level 1 in Hexes
  6206 | D:6      | Reached skill level 6 in Summonings
  6297 | D:7      | Noticed Menkaure
  6308 | D:7      | HP: 2/69 [Menkaure/nerve-wracking pain (11)]
  6310 | D:7      | Killed Menkaure
  6633 | D:7      | Reached XP level 9. HP: 76/77 MP: 15/15
  6642 | D:7      | Learned a level 3 spell: Ignite Poison
  6666 | D:7      | Found a staircase to the Ecumenical Temple.
  6693 | Temple   | Entered the Ecumenical Temple
  6774 | Temple   | Fell from the grace of the Shining One
  6774 | Temple   | Became a worshipper of Ru the Awakened
  7754 | D:8      | Found a broken altar of Ashenzari.
  7761 | D:8      | Reached skill level 1 in Fire Magic
  7785 | D:8      | HP: 5/115 [centaur (2)]
  7786 | D:8      | Slain by a killer bee

Illustrated notes

Levels and vault maps discovered:
D:1:      roderic_chinese_lattice_arrival, layout_rooms
D:2:      layout_rooms, serial_shops, nicolae_square_shop,
          lightli_corner_chamber
D:3:      layout_rooms, slow_altar_2, dreamdust_ecumenical_altar_drowned_temple
D:4:      layout_loops_ring, mainiacjoe_overflow_alcove_4, serial_shops,
          kennysheep_mini, nicolae_shop_behind_doors,
          nicolae_shop_temple_entry_statues_fountains,
          kennysheep_generic_room_13
D:5:      layout_rooms, grunt_dithmenos_shadows, mainiacjoe_overflow_boulevard
D:6:      layout_loops_ring
D:7:      layout_basic, minmay_temple_entry_glass, serial_corexii_hall,
          corexii_hall_statues_u, corexii_hall_statues_u,
          chequers_hall_statues_corner_a, chequers_big_river, uniq_menkaure
D:8:      layout_basic, ashenzari_altar_1, nicolae_hepliaklqana_hazy_memory,
          nicolae_yredelemnul_corpse_copse
Temple:   nicolae_temple_ecumenical_triangle

Skill      XL: |  1  2  3  4  5  6  7  8  9 |
---------------+----------------------------+-----
Stealth        | 2 3 4 |  4.1
Dodging        | 2 3 |  3.5
Summonings     | 5 6 |  6.4
Spellcasting   | 3 4 |  4.7
Fighting       | 1 2 3 |  3.5
Axes           | 1 2 3 4 |  4.0
Throwing       | 1 2 |  2.6
Invocations    | 1 2 3 |  3.3
Air Magic      | 1 2 3 4 |  4.1
Polearms       | 2 |  2.1
Staves         | 2 3 |  3.1
Hexes          | 1 2 |  2.5
Fire Magic     | 1 |  1.0

Action                   |  1- 3 |  4- 6 |  7- 9 || total
-------------------------+-------+-------+-------++-------
Melee: Hand axe          |     3 |    88 |    48 ||   139
       Tailslap          |       |    18 |    14 ||    32
       Quarterstaff      |       |       |    73 ||    73
       Punch             |       |       |     3 ||     3
Throw: Dart              |       |    12 |    27 ||    39
 Cast: Summon Small Mamm |    23 |     5 |       ||    28
       Call Imp          |    10 |     1 |       ||    11
       Call Canine Famil |       |    12 |    11 ||    23
       Summon Lightning  |       |     4 |     8 ||    12
       Ignite Poison     |       |       |     2 ||     2
       Summon Guardian G |       |       |     1 ||     1
 Abil: Breathe Lightning |       |       |    21 ||    21
  Use: Scroll            |     3 |     5 |     4 ||    12
       Potion            |     2 |       |     7 ||     9
 Stab: Sleeping          |       |     2 |       ||     2
       Distracted        |       |       |     1 ||     1
Armor: Skin              |    20 |    37 |    46 ||   103
Dodge: Dodged            |    63 |    78 |   112 ||   253
